[Event "December 12 Early 2023"]
[Site "https://www.chess.com"]
[Date "2023.12.12"]
[Round "6"]
[White "Smirnov, Mark"]
[Black "Petrova, Irina"]
[Result "1/2-1/2"]
[Board "161"]
[TimeControl "180+1"]
[WhiteFideId "13764594"]
[BlackFideId "14124122"]
[WhiteElo "2518"]
[BlackElo "2309"]
[WhiteTeam "KAZ"]
[BlackTeam "UKR"]
[WhiteClock "0:00:03"]
[BlackClock "0:00:17"]

1. e4 d6 2. d4 Nf6 3. Nc3 e5 4. Nf3 Nbd7 5. Bc4 Be7 6. O-O O-O 7. h3 c6 8. a4 h6 9. Re1 Re8 10. b3 Bf8 11. Bb2 Qc7 12. Qd2 exd4 13. Nxd4 Ne5 14. Bf1 a6 15. Re3 c5 16. Nf3 Rb8 17. Nxe5 dxe5 18. Bc4 Be6 19. Nd5 Bxd5 20. Bxd5 Nxd5 21. Qxd5 Rbd8 22. Qc4 Qc6 23. a5 Qe6 24. Qc3 Rd7 25. Rg3 f6 26. Re1 Red8 27. Ree3 Rd1+ 28. Kh2 Kh7 29. Rd3 R1xd3 30. Rxd3 Rxd3 31. Qxd3 Qd6 32. Qxd6 Bxd6 33. h4 Bc7 34. h5 Bxa5 35. Ba3 Bb4 36. Bb2 b5 37. Kg3 Kg8 38. Kg4 Kf7 39. Kf5 Be1 40. f3 a5 41. Ba3 Bb4 42. Bb2 a4 43. bxa4 bxa4 44. c3 a3 45. Bc1 Ba5 46. Bxa3 Bxc3 47. Bxc5 Ba5 48. Kg4 Bd2 49. Kg3 Be1+ 50. Kh2 Bd2 51. Kg1 Ba5 52. Kf2 Bd8 53. Ke3 Ba5 54. Kd3 Be1 55. Kc4 g6 56. hxg6+ Kxg6 57. Kd5 h5 58. Ke6 Bd2 59. Be7 Bg5 60. Bd8 h4 61. Be7 Kg7 62. Kf5 Kf7 63. Bd8 Kg7 64. Ba5 Kf7 65. Be1 Kg7 66. Kg4 Kg6 67. Bxh4 Be3 68. Bg3 Bc5 69. Bh4 Be7 70. Kg3 Bf8 71. Kf2 Bc5+ 72. Ke2 Bd4 73. Kd3 Bb6 74. Kc4 Kf7 75. Kd5 Ba5 76. Bg3 Bd2 77. Bf2 Bc1 78. Bb6 Bd2 79. Bd8 Bc1 80. Kc4 Bf4 81. Kd3 Ke6 82. Ba5 Bh6 83. Bd2 Bf8 84. Ke2 Bc5 85. Be3 Bb4 86. Kf2 Ba5 87. Kg3 Kf7 88. Kg4 Kg6 89. Bc5 Bd2 90. Be7 Bc1 91. g3 Bd2 92. Kh3 Bc1 93. Kg2 Bd2 94. Kf2 Bc1 95. Bd8 Ba3 96. Ke2 Bc5 97. Kf1 Be3 98. Kg2 Bd4 99. Kh3 Bc5 100. Kg4 Ba3 101. Bb6 Bc1 102. Bf2 Bb2 103. Kh3 Bc1 104. Kg2 Bb2 105. Kf1 Bc1 106. Ke2 Bb2 107. Be3 Ba3 108. Kd3 Kf7 109. Kc4 Ke6 110. Kb5 Bb2 111. Kc6 Ba3 112. Kc7 Bb2 113. Kd8 Kf7 114. Kd7 Ba3 115. Bb6 Bb2 116. Bc7 Bc3 117. Kd6 Be1 118. g4 Bh4 119. Kd5 Bg5 120. Bd6 Bc1 121. Bc7 Bb2 122. Bd8 Bc1 123. g5 Bxg5 124. Bc7 Bc1 125. Kd6 Ba3+ 126. Kd5 Bb2 127. Bd6 Bc1 128. Bc7 Bf4 129. Bd8 Be3 130. Kc4 Bf4 131. Kd3 Ke6 132. Ke2 f5 133. Kf2 fxe4 134. fxe4 Bc1 135. Kf3 Bb2 136. Kg4 Bd4 137. Kg5 Bc3 138. Kg6 Bd2 139. Bf6 Bf4 140. Bg5 Bg3 141. Bh6 Be1 142. Bg7 Ba5 143. Kg5 Bd2+ 144. Kg4 Ba5 145. Bh6 Bc7 146. Bg5 Bd6 147. Kf3 Bc5 148. Ke2 Bd6 149. Kd3 Bc5 150. Kc4 Bd6 151. Kb5 Bf8 152. Kc6 Bb4 153. Bd8 Bc3 154. Bb6 Bb2 155. Bc5 Bc1 156. Bd6 Be3 157. Bc7 Bd4 158. Bb6 Bb2 159. Bc5 Bc3 160. Bf8 Bb2 161. Bg7 Bc3 162. Bh8 Bd4 163. Kc7 Bc3 164. Kc6 Bd4 165. Bg7 Bc3 166. Bh6 Bd4 167. Bd2 Bb2 168. Kc5 Bd4+ 169. Kc4 Bb6 170. Bb4 Bd8 171. Bc5 Bg5 172. Kd3 Bf6 173. Kc4 Bg5 174. Kd3 Bf6 175. Be3 Be7 176. Kc4 Bd6 177. Bc5 Bc7 178. Kb5 Bd8 179. Kc6 Bh4 180. Bd6 Bf6 181. Bf8 Bg5 182. Bc5 Bf6 183. Bg1 Bg5 184. Bh2 1/2-1/2

[Event "December 12 Early 2023"]
[Site "https://www.chess.com"]
[Date "2023.12.12"]
[Round "6"]
[White "ArrestingPieces"]
[Black "Zhuk, Valeriy"]
[Result "0-1"]
[Board "162"]
[TimeControl "180+1"]
[BlackFideId "24151254"]
[WhiteElo "2513"]
[BlackElo "2307"]
[BlackTeam "RUS"]
[WhiteClock "0:00:12"]
[BlackClock "0:00:19"]

1. e4 e6 2. d4 d5 3. exd5 exd5 4. Nf3 Nf6 5. Bd3 Be7 6. O-O O-O 7. c3 c5 8. h3 Nc6 9. Be3 c4 10. Bc2 h6 11. Re1 Bd6 12. Nh4 Re8 13. Qf3 Ne4 14. Nf5 Bf8 15. Nd2 Qf6 16. Nxe4 dxe4 17. Bxe4 Rxe4 18. Nxh6+ Kh8 19. Qxe4 gxh6 20. d5 Bf5 21. Qxc4 Ne5 22. Qe2 Qg6 23. Bd4 f6 24. Bxe5 fxe5 25. Qxe5+ Bg7 26. Qe3 Bf6 27. d6 Rg8 28. g4 h5 29. f3 hxg4 30. fxg4 Bxg4 31. hxg4 Qxg4+ 32. Kh2 Qg2# 0-1

[Event "December 12 Early 2023"]
[Site "https://www.chess.com"]
[Date "2023.12.12"]
[Round "6"]
[White "Sharapov, Evgeny"]
[Black "Tarasova, Viktoriya"]
[Result "0-1"]
[Board "163"]
[TimeControl "180+1"]
[WhiteFideId "14103133"]
[BlackFideId "4175840"]
[WhiteElo "2505"]
[BlackElo "2306"]
[WhiteTeam "UKR"]
[BlackTeam "RUS"]
[WhiteClock "0:02:18"]
[BlackClock "0:00:37"]

1. Nc3 d5 2. d4 Nf6 3. Bf4 a6 4. Qd2 e6 5. O-O-O Bd6 6. Bxd6 Qxd6 7. f3 O-O 8. e4 Qd8 9. Bd3 b5 10. e5 Nfd7 11. f4 c5 12. dxc5 Nxc5 13. Nf3 b4 14. Ne2 a5 15. Kb1 Ba6 16. Bxa6 Nbxa6 17. Ned4 Ne4 18. Qe3 Rc8 19. Ng5 Nac5 20. h4 a4 21. h5 h6 22. Nxe4 Nxe4 23. g4 Qb6 24. Ka1 a3 25. b3 Rc3 26. Rd3 Rfc8 27. Rhd1 Qc5 28. g5 Rxc2 29. Nxc2 Qxc2 30. Rb1 Rc3 31. Rxc3 Nxc3 0-1

[Event "December 12 Early 2023"]
[Site "https://www.chess.com"]
[Date "2023.12.12"]
[Round "6"]
[White "Chernomordik, Pavel"]
[Black "Marcziter, Dmitrii"]
[Result "0-1"]
[Board "164"]
[TimeControl "180+1"]
[WhiteFideId "2804530"]
[BlackFideId "13900765"]
[WhiteElo "2482"]
[BlackElo "2302"]
[WhiteTeam "ISR"]
[BlackTeam "GER"]
[WhiteClock "0:00:15"]
[BlackClock "0:00:03"]

1. e4 c5 2. Nc3 a6 3. g3 Nc6 4. Bg2 g6 5. f4 Bg7 6. d3 d6 7. Nf3 e6 8. O-O Nge7 9. Be3 Nd4 10. Qd2 O-O 11. Nd1 f5 12. Ne1 Rb8 13. c3 Ndc6 14. Nf3 b5 15. e5 b4 16. Re1 dxe5 17. fxe5 bxc3 18. bxc3 Qa5 19. Qf2 Rd8 20. Bxc5 Rxd3 21. Bd6 Rb7 22. Bf1 Rxf3 23. Qxf3 Nxe5 24. Qe3 Nd5 25. Qc5 Qxc5+ 26. Bxc5 Nf3+ 27. Kf2 Nxe1 28. Kxe1 Nxc3 29. Rc1 Ne4 30. Bxa6 Rc7 31. Bxc8 Rxc8 32. Be3 Ra8 33. Rc2 Ra3 34. Ke2 Ra8 35. Bb6 g5 36. Bf2 h5 37. Be1 g4 38. Ne3 Ng5 39. Bf2 Nf3 40. Nf1 Rd8 41. a4 Bd4 42. Ra2 Bxf2 43. Kxf2 e5 44. h3 f4 45. hxg4 hxg4 46. a5 Ra8 47. a6 Kf7 48. a7 Ke6 49. gxf4 exf4 50. Ra4 Ke5 51. Ke2 Nd4+ 52. Kd3 Nc6 53. Nd2 Rxa7 54. Re4+ Kf5 55. Rc4 Ne5+ 56. Ke2 Nxc4 57. Nxc4 Ra2+ 58. Kf1 g3 59. Kg1 f3 60. Ne3+ Ke4 61. Nf1 Ra1 62. Kh1 Rxf1# 0-1

[Event "December 12 Early 2023"]
[Site "https://www.chess.com"]
[Date "2023.12.12"]
[Round "6"]
[White "Spichkin, Alexander"]
[Black "Cardozo Munar, Carlos Eduardo"]
[Result "1-0"]
[Board "165"]
[TimeControl "180+1"]
[WhiteFideId "4144074"]
[BlackFideId "4409477"]
[WhiteElo "2478"]
[BlackElo "2270"]
[WhiteTeam "RUS"]
[BlackTeam "COL"]
[WhiteClock "0:00:49"]
[BlackClock "0:00:04"]

1. f4 d5 2. Nf3 h6 3. e3 g5 4. b3 Bg7 5. Nc3 Qd6 6. a4 c6 7. Ba3 Qc7 8. g3 Bg4 9. Be2 Nd7 10. O-O gxf4 11. exf4 h5 12. Nh4 Bf6 13. Bxg4 hxg4 14. Nf5 O-O-O 15. Qxg4 Nh6 16. Nxh6 Rxh6 17. Rae1 Rdh8 18. Re2 e6 19. Nd1 Bd4+ 20. Kh1 Nf6 21. Qf3 Rh3 22. Bb2 Bxb2 23. Nxb2 Ne4 24. Rg2 f5 25. Nd3 Qg7 26. Kg1 Nf6 27. Ne5 Ne4 28. d3 Nd6 29. a5 a6 30. Qe3 Nf7 31. Nf3 Kd7 32. Re1 Qf6 33. Nd4 R8h6 34. Nf3 Nd6 35. Qb6 R3h5 36. Rge2 Qf7 37. Ng5 Rxg5 38. fxg5 Rg6 39. h4 f4 40. Qf2 fxg3 41. Qxf7+ Nxf7 42. Kg2 e5 43. Kxg3 Ke6 44. Kg4 Rg8 45. Rf1 Nh6+ 46. Kh5 Nf5 47. Rxf5 Kxf5 48. Rf2+ Ke6 49. Kg4 e4 50. dxe4 dxe4 51. Kf4 Kd5 52. Rd2+ Kc5 53. Kxe4 Rh8 54. Rh2 Kd6 55. g6 Ke7 56. h5 Kf6 57. Kd4 Kg7 58. Kc5 Re8 59. Kb6 Re5 60. h6+ Kh8 61. g7+ Kh7 62. Rg2 Re8 63. Rf2 1-0

[Event "December 12 Early 2023"]
[Site "https://www.chess.com"]
[Date "2023.12.12"]
[Round "6"]
[White "Minina, Veronika"]
[Black "Filipovic, Slobodan J"]
[Result "1-0"]
[Board "166"]
[TimeControl "180+1"]
[WhiteFideId "4174780"]
[BlackFideId "939633"]
[WhiteElo "2252"]
[BlackElo "2425"]
[WhiteTeam "RUS"]
[BlackTeam "SRB"]
[WhiteClock "0:00:09"]
[BlackClock "0:00:00"]

1. Nf3 c5 2. g3 Nc6 3. Bg2 g6 4. c4 Bg7 5. O-O d6 6. Nc3 Bf5 7. d3 Qd7 8. Re1 Bh3 9. Bh1 h5 10. Nd5 h4 11. Qa4 hxg3 12. fxg3 Rc8 13. Be3 Nf6 14. Nxf6+ Bxf6 15. a3 Bg4 16. b4 Bxf3 17. exf3 Qh3 18. Ra2 Kf8 19. bxc5 dxc5 20. Bxc5 Qd7 21. Rae2 Qxd3 22. f4 Bd4+ 23. Bxd4 Qxd4+ 24. Kf1 Qd3 25. Kg1 Kg7 26. Qb5 Qd4+ 27. Kf1 Qd3 28. Kg1 Nd4 29. Qe5+ Kh6 30. Re3 Qd2 31. Qxe7 Rhe8 32. Qg5+ Kg7 33. Rxe8 Rxe8 34. Rxe8 Qd1+ 35. Kg2 Qf3+ 36. Kh3 Qxh1 37. Qd5 Qf1+ 38. Kh4 Nf5+ 39. Kg4 Nh6+ 40. Kg5 Nf5 41. Qe5+ f6+ 42. Qxf6+ 1-0

[Event "December 12 Early 2023"]
[Site "https://www.chess.com"]
[Date "2023.12.12"]
[Round "6"]
[White "Ratnesan, Ranesh"]
[Black "Mizzi, Jack"]
[Result "0-1"]
[Board "167"]
[TimeControl "180+1"]
[WhiteFideId "439339"]
[BlackFideId "5602521"]
[WhiteElo "2243"]
[BlackElo "2424"]
[WhiteTeam "ENG"]
[BlackTeam "MLT"]
[WhiteClock "0:00:00"]
[BlackClock "0:00:03"]

1. d4 Nf6 2. Bg5 d5 3. Nf3 Nbd7 4. e3 h6 5. Bf4 e6 6. Bd3 Bd6 7. Nbd2 O-O 8. Ne5 Qe7 9. Qf3 c5 10. c3 c4 11. Bc2 Ne8 12. e4 Bxe5 13. dxe5 Nc5 14. O-O Nc7 15. Rfe1 b5 16. a4 Bb7 17. axb5 Nxb5 18. exd5 exd5 19. Qg4 f5 20. Bxf5 Rxf5 21. Qxf5 Rf8 22. Qg4 Nd3 23. Bxh6 Bc8 24. Qg3 Nxe1 25. Rxe1 a5 26. Bg5 Qe6 27. h4 d4 28. cxd4 Nxd4 29. Ne4 Nf5 30. Qg4 Bb7 31. Nd6 Bc8 32. Nxf5 Rxf5 33. Re4 Kh7 34. Qh5+ Kg8 35. f4 Rf7 36. Qd1 Qf5 0-1

[Event "December 12 Early 2023"]
[Site "https://www.chess.com"]
[Date "2023.12.12"]
[Round "6"]
[White "Clawitter, Craig"]
[Black "Mazurkiewicz, Michal"]
[Result "0-1"]
[Board "168"]
[TimeControl "180+1"]
[WhiteFideId "2023105"]
[BlackFideId "1124943"]
[WhiteElo "2233"]
[BlackElo "2420"]
[WhiteTeam "USA"]
[BlackTeam "POL"]
[WhiteClock "0:00:07"]
[BlackClock "0:00:36"]

1. e4 d6 2. d4 Nf6 3. Nc3 c6 4. Be3 b5 5. Bd3 e5 6. Nf3 Qc7 7. Qd2 Be7 8. h3 O-O 9. O-O-O Re8 10. g4 Bf8 11. g5 Nh5 12. Ne2 a6 13. Ng3 Nxg3 14. fxg3 c5 15. dxc5 dxc5 16. c4 Be6 17. Kb1 bxc4 18. Bc2 Nc6 19. Nh4 g6 20. Nf5 gxf5 21. exf5 Bc8 22. Be4 Rb8 23. h4 Nd4 24. h5 Bb7 25. Bxb7 Qxb7 26. g6 Qe4+ 27. Kc1 Rb3 28. Bxd4 Rd3 29. Qg5 exd4 30. gxh7+ Kxh7 31. Qg6+ fxg6 32. hxg6+ Kg8 33. f6 Rxd1+ 34. Rxd1 Qxg6 0-1

[Event "December 12 Early 2023"]
[Site "https://www.chess.com"]
[Date "2023.12.12"]
[Round "6"]
[White "Arshiya Das"]
[Black "Bogaudinov, Rushan"]
[Result "0-1"]
[Board "169"]
[TimeControl "180+1"]
[WhiteFideId "25652150"]
[BlackFideId "4129288"]
[WhiteElo "2213"]
[BlackElo "2419"]
[WhiteTeam "IND"]
[BlackTeam "RUS"]
[WhiteClock "0:00:56"]
[BlackClock "0:01:25"]

1. e4 a6 2. d3 h6 3. Nd2 b5 4. f4 Bb7 5. Ngf3 e6 6. g3 c5 7. Bg2 d5 8. O-O dxe4 9. dxe4 Nc6 10. Kh1 Nf6 11. c3 Be7 12. Qc2 Ng4 13. Re1 c4 14. Nf1 Bc5 15. Be3 Qb6 16. Qe2 O-O-O 17. h3 Nxe3 18. Nxe3 Rd3 19. Nf1 Rhd8 20. Red1 f6 21. Kh2 g5 22. fxg5 hxg5 23. Rdc1 Rh8 24. Ne1 Rd7 25. Rd1 Rdh7 26. a4 Ne5 27. axb5 axb5 28. Nd2 Bg1+ 29. Kh1 Rxh3+ 30. Bxh3 Rxh3+ 31. Kg2 Rh2+ 32. Kf1 Rxe2 33. Kxe2 Qf2# 0-1

[Event "December 12 Early 2023"]
[Site "https://www.chess.com"]
[Date "2023.12.12"]
[Round "6"]
[White "Acosta Cruz, Oscar Yosimar"]
[Black "Becerra, Juan David"]
[Result "0-1"]
[Board "170"]
[TimeControl "180+1"]
[WhiteFideId "5111269"]
[BlackFideId "4404998"]
[WhiteElo "2176"]
[BlackElo "2392"]
[WhiteTeam "MEX"]
[BlackTeam "COL"]
[WhiteClock "0:01:23"]
[BlackClock "0:01:33"]

1. e4 c5 2. Nf3 d6 3. Bb5+ Bd7 4. a4 Nf6 5. Nc3 Nc6 6. O-O e5 7. Re1 Be7 8. d3 O-O 9. Ne2 a6 10. Bc4 Be6 11. Bxe6 fxe6 12. Ng3 h6 13. c3 Rb8 14. Qb3 Qd7 15. a5 Bd8 16. d4 cxd4 17. cxd4 exd4 18. Rd1 Nxa5 19. Rxa5 Bxa5 20. Nxd4 d5 21. Bf4 Rbe8 22. exd5 Nxd5 23. Be5 Bc7 24. Qxb7 Rb8 25. Qa7 Ra8 26. Qb7 Rfb8 0-1

[Event "December 12 Early 2023"]
[Site "https://www.chess.com"]
[Date "2023.12.12"]
[Round "6"]
[White "Mesquita, Eduardo Barbosa"]
[Black "Verbin, Valentina"]
[Result "0-1"]
[Board "171"]
[TimeControl "180+1"]
[WhiteFideId "22757163"]
[BlackFideId "13905910"]
[WhiteElo "2387"]
[BlackElo "2152"]
[WhiteTeam "BRA"]
[BlackTeam "MDA"]
[WhiteClock "0:02:11"]
[BlackClock "0:00:19"]

1. e4 e6 2. d4 d5 3. e5 c5 4. c3 Nc6 5. Nf3 Qb6 6. Be2 cxd4 7. cxd4 Nge7 8. O-O Nf5 9. Be3 Be7 10. Nc3 O-O 11. a3 f6 12. exf6 Bxf6 13. Qd2 Ncxd4 14. Nxd4 Bxd4 15. Bxd4 Qxd4 16. Qg5 Rf6 17. Rad1 Qe5 18. Rfe1 Bd7 19. Bb5 Qc7 20. Rxd5 Bxb5 21. Rxb5 Rg6 22. Qd2 Nh4 23. Kf1 Qxh2 24. Ne4 Qxg2+ 25. Ke2 Qf3+ 26. Kf1 Rg1+ 0-1

[Event "December 12 Early 2023"]
[Site "https://www.chess.com"]
[Date "2023.12.12"]
[Round "6"]
[White "Hartikainen, Jarmo"]
[Black "Koridze, Lile"]
[Result "0-1"]
[Board "172"]
[TimeControl "180+1"]
[WhiteFideId "503134"]
[BlackFideId "13612514"]
[WhiteElo "2124"]
[BlackElo "2365"]
[WhiteTeam "FIN"]
[BlackTeam "GEO"]
[WhiteClock "0:00:01"]
[BlackClock "0:01:03"]

1. e4 c5 2. c3 Nf6 3. e5 Nd5 4. d4 cxd4 5. Nf3 e6 6. cxd4 d6 7. Nc3 Nxc3 8. bxc3 g6 9. exd6 Qxd6 10. a4 Qc7 11. Qb3 Nc6 12. g3 Be7 13. Bf4 Bd6 14. Bh6 Bf8 15. Bxf8 Kxf8 16. Bg2 Kg7 17. h4 h5 18. O-O Na5 19. Qb4 Nc4 20. a5 Bd7 21. Rfe1 Rac8 22. Ne5 Nxe5 23. Rxe5 Bc6 24. Rc5 Qd7 25. Bxc6 Rxc6 26. Rxc6 Qxc6 27. Rb1 b6 28. axb6 axb6 29. Qxb6 Qxc3 30. Qc5 Qxc5 31. dxc5 Rc8 32. Rc1 Kf6 33. f3 Ke5 34. Kf2 Kd5 35. Rd1+ Kc6 36. Ke3 Rc7 37. Rc1 Kd5 38. g4 Rxc5 39. Rd1+ Ke5 40. gxh5 gxh5 41. Rd7 Kf6 42. Kf4 Rc4+ 43. Kg3 Kg6 44. Re7 Ra4 45. Re8 Ra5 46. Rg8+ Kf6 47. Rh8 Ke7 48. Rg8 f6 49. Rg7+ Kd6 50. Rg6 Rf5 51. Rh6 e5 52. Rh8 Kd5 53. Rd8+ Kc4 54. Rd7 Rf4 55. Rd8 Kc5 56. Rd7 Kc6 57. Rd8 Kc7 58. Rh8 Rf5 59. Rh7+ Kd6 60. Ra7 Ke6 61. Ra6+ Kf7 62. Rd6 Rf4 63. Rd7+ Kg6 64. Rd3 Ra4 65. Kh3 e4 66. fxe4 Rxe4 67. Rf3 f5 68. Kg3 Kf6 69. Rf2 Ke5 70. Kh3 f4 71. Rf3 Re3 72. Kg2 Rxf3 73. Kxf3 Kf5 0-1

[Event "December 12 Early 2023"]
[Site "https://www.chess.com"]
[Date "2023.12.12"]
[Round "6"]
[White "Tilahun , Abel Mathewos"]
[Black "Nita, Lucian"]
[Result "0-1"]
[Board "173"]
[TimeControl "180+1"]
[WhiteFideId "15702391"]
[BlackFideId "1206923"]
[WhiteElo "2080"]
[BlackElo "2362"]
[WhiteTeam "ETH"]
[BlackTeam "ROU"]
[WhiteClock "0:00:00"]
[BlackClock "0:01:20"]

1. d4 d6 2. c4 Nf6 3. Nc3 Nbd7 4. e4 e5 5. f3 Be7 6. Be3 O-O 7. Nge2 c6 8. Qd2 a6 9. O-O-O Qe8 10. g4 Bd8 11. Kb1 Ba5 12. h4 Nb8 13. h5 Nfd7 14. Ng3 Bxc3 15. bxc3 g6 16. Bh6 Qd8 17. hxg6 fxg6 18. Bxf8 Qxf8 19. c5 dxc5 20. Bc4+ Kh8 21. Rxh7+ Kxh7 22. Rh1+ Kg7 23. Qh6+ Kf6 24. g5+ Ke7 25. Qxg6 Kd8 26. Rh7 Kc7 27. Rf7 Qh8 28. Nf5 Kb6 29. Qd6 Qh1+ 30. Kb2 Qxf3 31. dxc5+ Nxc5 32. Qd8+ Ka7 33. Qc7 Qxe4 34. Nd6 Qg4 0-1

[Event "December 12 Early 2023"]
[Site "https://www.chess.com"]
[Date "2023.12.12"]
[Round "6"]
[White "NovakRatko"]
[Black "Subramanian, Anusha"]
[Result "1-0"]
[Board "174"]
[TimeControl "180+1"]
[BlackFideId "477710"]
[WhiteElo "2357"]
[BlackElo "2054"]
[BlackTeam "ENG"]
[WhiteClock "0:00:32"]
[BlackClock "0:00:04"]

1. d4 d5 2. c4 c6 3. cxd5 cxd5 4. Nc3 Nc6 5. f3 Nf6 6. e4 dxe4 7. d5 Ne5 8. fxe4 e6 9. Qd4 Ng6 10. Bb5+ Bd7 11. dxe6 fxe6 12. Bc4 Rc8 13. Nf3 Bc5 14. Qd3 O-O 15. Bg5 Qc7 16. Bxf6 Rxf6 17. O-O-O Bc6 18. Ng5 Qf4+ 19. Kb1 Qxg5 20. Qh3 Nf4 21. Qg3 Qxg3 22. hxg3 Ng6 23. Rhf1 Rxf1 24. Rxf1 Bd4 25. Bxe6+ Kh8 26. Nd5 Re8 27. Bf5 Bxd5 28. exd5 Ne5 29. Rh1 h6 30. g4 Kg8 31. g5 hxg5 32. Rd1 Bc5 33. Rc1 Rc8 34. b4 Rc7 35. bxc5 b6 36. c6 Kf7 37. Be4 Ke7 38. Rf1 Kd6 39. Rf5 Nc4 40. Kc2 Na3+ 41. Kd3 Nb5 42. Rxg5 Na3 43. Rg6+ Kc5 44. d6 Rf7 45. d7 Rf8 46. c7 Nb1 47. c8=Q+ Rxc8 48. dxc8=Q+ Kb4 49. Qf8+ Ka4 50. Bc6+ Ka5 51. Rg5+ Ka6 52. Qc8# 1-0

[Event "December 12 Early 2023"]
[Site "https://www.chess.com"]
[Date "2023.12.12"]
[Round "6"]
[White "Georg, Heinz"]
[Black "Nikulina, Alena"]
[Result "1-0"]
[Board "175"]
[TimeControl "180+1"]
[WhiteFideId "4607295"]
[BlackFideId "4172051"]
[WhiteElo "2350"]
[BlackElo "2052"]
[WhiteTeam "GER"]
[BlackTeam "RUS"]
[WhiteClock "0:00:39"]
[BlackClock "0:00:00"]

1. e4 c5 2. Nf3 e6 3. b3 b6 4. d4 cxd4 5. Nxd4 Bb7 6. Bd3 Nc6 7. Bb2 Nf6 8. Qe2 Bc5 9. Nxc6 Bxc6 10. Nd2 O-O 11. O-O d5 12. e5 Nd7 13. Kh1 Qe7 14. a3 a5 15. c3 b5 16. b4 Bb6 17. f4 Rab8 18. Rae1 axb4 19. cxb4 g6 20. Nf3 Ba7 21. Nd4 Bxd4 22. Bxd4 Nb6 23. Bc5 Qd7 24. Bxf8 Rxf8 25. Qe3 Nc4 26. Bxc4 bxc4 27. Qc5 Ra8 28. Ra1 Bb5 29. Rfd1 Ra4 30. Rd4 Kg7 31. h3 Kg8 32. g4 Kg7 33. h4 Ba6 34. Kh2 Kg8 35. Kg3 Kg7 36. f5 gxf5 37. gxf5 exf5 38. Qxd5 Qc7 39. Kf4 Bb7 40. Rg1+ Kf8 41. Qd6+ Qxd6 42. exd6 Rxa3 43. d7 1-0

[Event "December 12 Early 2023"]
[Site "https://www.chess.com"]
[Date "2023.12.12"]
[Round "6"]
[White "Perez Cruz, Adianet"]
[Black "Gallegos Diaz, Carlos Alberto"]
[Result "0-1"]
[Board "176"]
[TimeControl "180+1"]
[WhiteFideId "3510115"]
[BlackFideId "3900886"]
[WhiteElo "2050"]
[BlackElo "2348"]
[WhiteTeam "CUB"]
[BlackTeam "VEN"]
[WhiteClock "0:00:21"]
[BlackClock "0:00:13"]

1. Nf3 d6 2. b3 Nf6 3. Bb2 e5 4. e3 Be7 5. d4 exd4 6. exd4 O-O 7. Bd3 d5 8. O-O Re8 9. h3 c6 10. Nbd2 Nbd7 11. c4 Nf8 12. Re1 Ng6 13. Qc2 a6 14. a4 Bb4 15. Bc3 a5 16. Bxb4 axb4 17. Ne5 Be6 18. Ndf3 Nf4 19. Bf1 dxc4 20. Bxc4 Bd5 21. Qf5 Ne6 22. Rad1 Bxc4 23. Nxc4 g6 24. Qc2 Nd5 25. Nfe5 Nc3 26. Rd3 b5 27. Nb2 Nxd4 28. Qd2 c5 29. Nc6 Nf3+ 30. gxf3 Rxe1+ 31. Qxe1 Qg5+ 32. Kh1 c4 33. bxc4 bxa4 34. Nxb4 Nb5 35. cxb5 a3 36. Nc4 a2 37. Nxa2 Rxa2 38. Rd1 Qf5 39. Kh2 Ra4 40. Ne3 Qf4+ 41. Kg1 Qxf3 42. Rd8+ Kg7 43. Qc3+ Kh6 44. Ng4+ Rxg4+ 45. hxg4 Qxc3 46. Rd1 Qc4 47. f3 Qxb5 48. Kf2 f5 49. gxf5 Qxf5 50. Rh1+ Kg7 51. Rh2 h5 52. Rg2 Kh6 53. Kg3 Qg5+ 54. Kh2 Qf4+ 55. Rg3 h4 0-1

[Event "December 12 Early 2023"]
[Site "https://www.chess.com"]
[Date "2023.12.12"]
[Round "6"]
[White "Saim, Mohamed Ilias"]
[Black "La Villa Rivas, Marlon Javier"]
[Result "1/2-1/2"]
[Board "177"]
[TimeControl "180+1"]
[WhiteFideId "7900465"]
[BlackFideId "3519546"]
[WhiteElo "2048"]
[BlackElo "2347"]
[WhiteTeam "ALG"]
[BlackTeam "CUB"]
[WhiteClock "0:00:15"]
[BlackClock "0:01:09"]

1. c4 Nf6 2. g3 g6 3. Bg2 Bg7 4. Nc3 O-O 5. e4 d6 6. Nge2 Nc6 7. d3 e5 8. O-O Ne7 9. Be3 h6 10. h3 Be6 11. Nd5 c6 12. Nxf6+ Bxf6 13. Bxh6 Re8 14. Be3 d5 15. cxd5 cxd5 16. Qd2 dxe4 17. dxe4 Bc4 18. Rfd1 Qxd2 19. Rxd2 Red8 20. Nc3 Nc6 21. Rad1 Nd4 22. Bxd4 exd4 23. Nd5 Bg7 24. b3 Bb5 25. Nc7 Bc6 26. Nxa8 Rxa8 27. f4 g5 28. e5 gxf4 29. Bxc6 bxc6 30. gxf4 c5 31. Kg2 a5 32. Rc2 Bf8 33. Kf3 Be7 34. Ke4 a4 35. f5 axb3 36. axb3 f6 37. Rg1+ Kf8 38. exf6 Bxf6 39. Rxc5 Re8+ 40. Kd3 Re3+ 41. Kc4 Rc3+ 42. Kd5 Rxb3 43. Ke6 Rb6+ 44. Kd5 d3 45. Rc6 Rb5+ 46. Ke6 Bd8 47. Rc8 Rb6+ 48. Kd7 d2 49. Rxd8+ Kf7 50. Kc7 Rb2 51. Rd1 Kf6 52. R8xd2 Rb3 53. Rd3 Rb2 54. Rd5 Rc2+ 55. Kd6 Rh2 56. Re1 Rxh3 57. Re6+ Kf7 58. f6 Ra3 59. Rc5 Rd3+ 60. Kc7 Kxe6 61. Rc6+ Kf7 62. Kb6 Rb3+ 63. Kc7 Rd3 64. Rd6 Rxd6 65. Kxd6 Kxf6 1/2-1/2

[Event "December 12 Early 2023"]
[Site "https://www.chess.com"]
[Date "2023.12.12"]
[Round "6"]
[White "Sailer, Mike"]
[Black "Skurikhin, Dmitrij"]
[Result "1-0"]
[Board "178"]
[TimeControl "180+1"]
[WhiteFideId "2012901"]
[BlackFideId "4161297"]
[WhiteElo "2047"]
[BlackElo "2335"]
[WhiteTeam "USA"]
[BlackTeam "RUS"]
[WhiteClock "0:00:19"]
[BlackClock "0:01:32"]

1. d4 d5 2. Bf4 c5 3. e3 Nc6 4. Nf3 Nf6 5. Bb5 cxd4 6. exd4 Qa5+ 7. Nc3 Ne4 8. Bxc6+ bxc6 9. O-O Bg4 10. Qd3 Nxc3 11. bxc3 e6 12. Ne5 Bf5 13. Qg3 Rc8 14. Rfb1 f6 15. Nd3 Qxc3 16. Re1 g5 17. Bd6 Bg7 18. Qf3 h5 19. Qxf5 Kf7 20. Qxe6+ Kg6 21. Ne5+ Kh7 22. Qf5+ Kg8 23. Qxc8+ Kh7 24. Qf5+ Kg8 25. Ng6 Kh7 26. Nxh8+ Kxh8 27. Re8+ Bf8 28. Rxf8+ Kg7 29. Qxf6+ Kh7 30. Rh8# 1-0

[Event "December 12 Early 2023"]
[Site "https://www.chess.com"]
[Date "2023.12.12"]
[Round "6"]
[White "Reinecke, Katharina"]
[Black "Buscar, Michael"]
[Result "0-1"]
[Board "179"]
[TimeControl "180+1"]
[WhiteFideId "12929727"]
[BlackFideId "2603616"]
[WhiteElo "2017"]
[BlackElo "2331"]
[WhiteTeam "GER"]
[BlackTeam "CAN"]
[WhiteClock "0:00:05"]
[BlackClock "0:00:43"]

1. d4 Nf6 2. c4 e6 3. Nf3 c5 4. g3 cxd4 5. Nxd4 Nc6 6. Bg2 Bb4+ 7. Nc3 Qa5 8. Nxc6 bxc6 9. Bd2 Ba6 10. a3 Be7 11. b4 Qh5 12. b5 Bb7 13. O-O O-O 14. e3 Qc5 15. Qe2 Rab8 16. Na4 Qe5 17. Bc3 Qc7 18. bxc6 Bxc6 19. Nb2 Bxg2 20. Kxg2 Ne4 21. Bd4 Ng5 22. f3 Bc5 23. Bxc5 Qxc5 24. Nd3 Qxc4 25. Rfc1 Qd5 26. Nf4 Qe5 27. h4 Rb2 28. Rc2 Rxc2 29. Qxc2 Qxa1 30. hxg5 Rb8 31. Kh3 Qh1+ 32. Kg4 Rf8 33. Qc7 h6 34. gxh6 f5+ 35. Kg5 Qxh6# 0-1

[Event "December 12 Early 2023"]
[Site "https://www.chess.com"]
[Date "2023.12.12"]
[Round "6"]
[White "Franchini, Gabriele"]
[Black "Donatti, Alvaro"]
[Result "0-1"]
[Board "180"]
[TimeControl "180+1"]
[WhiteFideId "806790"]
[BlackFideId "3000303"]
[WhiteElo "2326"]
[BlackElo "2015"]
[WhiteTeam "ITA"]
[BlackTeam "URU"]
[WhiteClock "0:00:00"]
[BlackClock "0:00:38"]

1. e4 c5 2. Nc3 e6 3. f4 d5 4. Nf3 Nc6 5. Bb5 Nf6 6. Bxc6+ bxc6 7. d3 c4 8. dxc4 Bb4 9. exd5 cxd5 10. cxd5 Nxd5 11. O-O Nxc3 12. Qxd8+ Kxd8 13. bxc3 Bxc3 14. Rb1 Ke7 15. Ba3+ Kf6 16. Rb3 Ba5 17. Ne5 Ba6 18. Nd7+ Kg6 19. Rff3 f6 20. Nc5 Bb6 21. h3 Bc4 22. Rbc3 Bd5 23. Rg3+ Kf7 24. Kh2 Rac8 25. Na4 Bxa2 26. Rcd3 Bd5 27. Nxb6 axb6 28. Bb4 Rxc2 29. Ra3 Ra8 30. Rad3 Raa2 0-1